 Dungeon Crawl Stone Soup version 0.30-a0-161-gdd60e06945 (webtiles) character file.

Game seed: 5661279959984949537

46 qw the Chopper (level 3, -12/23 HPs)
             Began as a Gargoyle Fighter on Sept 27, 2022.
             Mangled by Terence
             ... wielding a +1 flail of distortion
              (15 damage)
             ... on level 2 of the Dungeon.
             The game lasted 00:00:17 (1441 turns).

qw the Chopper (Gargoyle Fighter)                   Turns: 1441, Time: 00:00:18

Health: -12/23     AC: 12    Str: 21    XL:     3   Next: 66%
Magic:  3/3        EV:  7    Int:  8    God:
Gold:   73         SH:  4    Dex:  9    Spells: 2/2 levels left

rFire   . . .      SeeInvis .    a - +0 war axe
rCold   . . .      Faith    .    c - +0 buckler
rNeg    + . .      Spirit   .    e - +0 chain mail
rPois   inf        Reflect  .    (no helmet)
rElec   +          Harm     .    (no cloak)
rCorr   .          Rampage  .    (no gloves)
Will    .....                    (no boots)
Stlth   ..........               (no amulet)
HPRegen 0.07/turn                (no ring)
MPRegen 0.08/turn                (no ring)

@: no status effects
A: sickness immunity, AC +3, negative energy resistance 1, electricity
resistance, torment resistance 1, petrification resistance
a: no special abilities


You were on level 2 of the Dungeon.
You visited 1 branch of the dungeon, and saw 2 of its levels.

You collected 73 gold pieces.


Innate Abilities, Weirdness & Mutations

You are immune to sickness and miasma.
Your stone body is resilient. (AC +3)
You are immune to poison.
You resist negative energy. (rN+)
You are resistant to electric shocks. (rElec)
You are resistant to unholy torment.
You are immune to petrification.


   Skills:
 - Level 3.2 Fighting
 + Level 3.5 Axes
 - Level 3.2 Armour
 - Level 3.2 Shields


You had 2 spell levels left.
You didn't know any spells.
Your spell library was empty.

Inventory:

Hand Weapons
 a - a +0 war axe (weapon)
 f - a +0 whip
Armour
 c - a +0 buckler (worn)
 e - a +0 chain mail (worn)
Scrolls
 g - a scroll of enchant armour {unknown}
 h - 2 scrolls of magic mapping {unknown}
Potions
 b - a potion of heal wounds {unknown}
 d - a potion of might

Dungeon Overview and Level Annotations

Branches:
Dungeon (2/15)

Altars:

Annotations:
D:2 Terence


Message History

You kill the bat!
You hit the ball python.
You kill the ball python!
You open the door.
There is an open door here.
You open the door.
An endoplasm comes into view.
There is an open door here.
Enter note: You slash the endoplasm!
You kill the endoplasm!
You now have 69 gold pieces (gained 2).
Found a stone staircase leading down.
Found 3 stones.
You open the door.
There is an open door here.
You open the door.
There is an open door here.
You now have 73 gold pieces (gained 4).
You open the door.
There is an open door here.
Terence the Incautious comes into view.
He is wielding a +1 flail of distortion.
Terence shouts!
Enter note:
Enter note: Terence screams, "I'm going to kill you!"
You hit Terence.
Terence is lightly wounded.
Terence barely misses you.
You hit Terence but do no damage.
Terence is lightly wounded.
Terence hits you with a +1 flail of distortion.
Space warps around you. Terence hits you but does no damage.
Space warps around you.
You hit Terence.
Terence is heavily wounded.
Terence hits you with a +1 flail of distortion.
Space warps horribly around you!
Ouch! That really hurt!
You die...

#.........#
#.........#
#.........#
#.........#
##.....####
#.....# #.....#
##+##
###'########......
#........@@......
#..##............
#..##........####
#..##..........#
#..##..........#
#...+..........#
#.###............
#. .............


You could see Terence.

Vanquished Creatures
  Jessica (D:2)
  5 ball pythons
  5 bats
  An endoplasm (D:2)
  3 hobgoblins (D:1)
  A quokka (D:1)
  A frilled lizard (D:1)
  A goblin (D:1)
  A kobold (D:1)
19 creatures vanquished.

Notes
Turn   | Place    | Note
-------+----------+-------------------------------------------
     0 | D:1      | qw the Gargoyle Fighter began the quest for the Orb.
     0 | D:1      | Reached XP level 1. HP: 14/14 MP: 1/1
     0 | D:1      | 0 ||| qw: Version: 0.2-a-10-g37ed214
     0 | D:1      | 0 ||| qw: Game counter: 671
     0 | D:1      | 0 ||| qw: Always use a shield: true
     0 | D:1      | 0 ||| qw: God list: Okawaru
     0 | D:1      | 0 ||| qw: Allow faded altars: false
     0 | D:1      | 0 ||| qw: Do Orc after D:15 true
     0 | D:1      | 0 ||| qw: Do second Lair branch before Depths: true
     0 | D:1      | 0 ||| qw: Lair rune preference: random
     0 | D:1      | 0 ||| qw: Plans: Normal, Zot:1-4, God:TSO, Crypt, Tomb,
                  | Pan, Slime:5, Hells, Abyss, Orb
     0 | D:1      | 0 ||| PLANNING D:1-11
   270 | D:1      | Reached XP level 2. HP: 19/19 MP: 2/2
   592 | D:1      | Found a faded altar of an unknown god.
   987 | D:1      | 987 ||| UPGRADING to +0 chain mail.
   997 | D:1      | 997 ||| DROPPING +0 scale mail.
  1138 | D:2      | Noticed Jessica
  1145 | D:2      | Killed Jessica
  1146 | D:2      | Reached skill level 3 in Axes
  1146 | D:2      | Reached XP level 3. HP: 17/23 MP: 3/3
  1433 | D:2      | Noticed Terence
  1441 | D:2      | HP: 3/23 [Terence/+1 flail of distortion (6)]
  1441 | D:2      | Mangled by Terence

Levels and vault maps discovered:
D:1:      evilmike_arrival_crescent, layout_loops_ring,
          dreamdust_ecumenical_altar_hidden_monk_grotto
D:2:      layout_basic, uniq_terence, uniq_natasha, uniq_jessica

Skill      XL: |  1  2 |
---------------+-------+-----
Axes           | 2 3 |  3.5
Fighting       | |  3.2
Armour         | |  3.2
Shields        | |  3.2

Action                   || total
-------------------------++-------
Melee: War axe           ||    52
Armor: Scale mail        ||    14
       Chain mail        ||     4
Dodge: Dodged            ||    23
Block: Buckler           ||     9

Table legend:
 A = Non-vault XP
 B = Vault XP
 C = Vault XP percentage of total XP
 D = Non-vault monster count
 E = Vault monster count
 F = Vault count percentage of total count
                 A         B        C        D         E       F
            +---------+---------+-------+---------+---------+-------
      Total |      29 |      37 |  56.1 |      18 |       1 |   5.3
            +---------+---------+-------+---------+---------+-------
        D:1 |      21 |       0 |   0.0 |      12 |       0 |   0.0
        D:2 |       8 |      37 |  82.2 |       6 |       1 |  14.3
            +---------+---------+-------+---------+---------+-------
